 Dungeon Crawl Stone Soup version 0.18.1-50-g88ac8fd (webtiles) character file.

43 Gaplan the Caller (level 3, -2/19 HPs)
             Began as a Deep Elf Summoner on Oct 16, 2016.
             Slain by an ice beast (3 damage)
             ... on level 2 of the Dungeon.
             The game lasted 00:07:01 (2112 turns).

Gaplan the Caller (Deep Elf Summoner)               Turns: 2112, Time: 00:07:01

Health: -2/19      AC:  2    Str:  5    XL:     3   Next: 37%
Magic:  1/10       EV: 13    Int: 20    God:
Gold:   91         SH:  0    Dex: 15    Spells: 2 memorised, 5 levels left

rFire  . . .     SeeInvis .     o - +0 dagger
rCold  . . .     Gourm    .     a - +0 robe
rNeg   . . .     Faith    .     (no shield)
rPois  .         Spirit   .     (no helmet)
rElec  .         Dismiss  .     (no cloak)
rCorr  .         Reflect  .     (no gloves)
SustAt .         Harm     .     (no boots)
MR     .....                    (no amulet)
Stlth  ++........               (no ring)
                                (no ring)

@: not resistant to hostile enchantments, unstealthy
A: no striking features
a: no special abilities


You were on level 2 of the Dungeon.
You were very hungry.

You visited 1 branch of the dungeon, and saw 3 of its levels.

You collected 91 gold pieces.

Inventory:

Hand Weapons
 o - a +0 dagger (weapon)
Armour
 a - a +0 robe (worn)
Scrolls
 d - a scroll of teleportation {unknown}
 e - 6 scrolls of identify {unknown}
 h - a scroll of enchant weapon {unknown}
 i - a scroll of fog {unknown}
 l - a scroll of fear {unknown}
 m - a scroll of enchant armour {unknown}
Potions
 f - a potion of cure mutation {unknown}
 j - a potion of curing {unknown}
 k - a potion of might {unknown}
 n - a potion of degeneration {unknown}
Books
 b - a book of Callings

   Spells                             Type                      Level
   a - Summon Small Mammal            Summoning                    1
   b - Call Imp                       Summoning                    2
   c - Call Canine Familiar           Summoning                    3
   d - Summon Guardian Golem          Hexes/Summoning              3
   e - Summon Lightning Spire         Summoning/Air                4
   f - Summon Ice Beast               Ice/Summoning                4
Comestibles
 c - a bread ration
 p - 2 meat rations


   Skills:
 - Level 2.4 Dodging
 - Level 2.4 Stealth
 + Level 3.8 Spellcasting
 * Level 5.3 Summonings


You had 5 spell levels left.
You knew the following spells:

 Your Spells              Type           Power        Failure   Level  Hunger
a - Summon Small Mammal   Summ           ####         1%          1    None
b - Call Canine Familiar  Summ           ####....     6%          3    ###....


Dungeon Overview and Level Annotations

Branches:
Dungeon (3/15)

Altars:
Ashenzari


Message History

Casting: Summon Small Mammal
Confirm with . or Enter, or press ? or * to list all spells.
Casting: Call Canine Familiar
Confirm with . or Enter, or press ? or * to list all spells.
You don't have enough magic to cast that spell.
Unknown command.
Your hound closely misses the ice beast.
The ice beast hits your hound. The ice beast freezes your hound.
Your hound barely misses the ice beast. x2
Your hound barely misses the ice beast.
Your hound barely misses the ice beast.
Your hound closely misses the ice beast.
The ice beast hits you. The ice beast freezes you.
* * * LOW HITPOINT WARNING * * *
Your hound closely misses the ice beast.
As you read the scroll labeled NENOEWOROE, it crumbles to dust.
The creatures around you are filled with an inner flame!
It was a scroll of immolation.
Your hound barely misses the ice beast.
The ice beast hits you.
You die...

######.....)# ###### #.#.###
............# #....# #.#....
......#.....# #....# #.#....
......#.....###....# ###.#....
...................######........
.................####........).##
................h# #..........##
................Y# #....##.#....
#####...........@####....##.#.###
#)...................##......
#............####....####.#.#
#............# ###.## #.#.#
#............# #.# #.#.#
#########.#### #.#####.#.#
#.#########.......#.#
#.##......#########.#
#.##.####.#.........#


You could see an ice beast (inner flame) and a friendly hound.

Vanquished Creatures
  A ball python (D:1)
  2 bats
  A goblin (D:2)
4 creatures vanquished.

Vanquished Creatures (collateral kills)
  Jessica (D:2)
  3 dart slugs
  4 bats
  4 giant cockroaches
  4 goblins
  6 hobgoblins
  4 jackals (D:1)
  A quokka (D:2)
  A giant newt (D:2)
  3 kobolds
  2 rats (D:1)
33 creatures vanquished.

Grand Total: 37 creatures vanquished

Notes
Turn   | Place    | Note
--------------------------------------------------------------
     0 | D:1      | Gaplan the Deep Elf Summoner began the quest for the Orb.
     0 | D:1      | Reached XP level 1. HP: 10/10 MP: 6/6
   152 | D:1      | Reached XP level 2. HP: 11/15 MP: 5/8
   470 | D:1      | Reached skill level 5 in Summonings
  1206 | D:2      | Found a shattered altar of Ashenzari.
  1216 | D:2      | Noticed Jessica
  1244 | D:2      | Killed Jessica
  1244 | D:2      | Reached XP level 3. HP: 3/19 MP: 5/10
  1552 | D:2      | Learned a level 3 spell: Call Canine Familiar
  2047 | D:3      | Noticed an ice beast
  2112 | D:2      | Slain by an ice beast

Skill      XL: |  1  2 |
---------------+-------+-----
Summonings     | 5 |  5.3
Dodging        | |  2.4
Stealth        | |  2.4
Spellcasting   | |  3.8

Action                   || total
-------------------------++-------
Melee: Unarmed           ||    10
       Dagger            ||     5
 Cast: Summon Small Mamm ||    60
       Call Canine Famil ||     9
  Use: Scroll            ||     1
  Eat: Chunk             ||     3
Armor: Robe              ||    17
Dodge: Dodged            ||    89
